 Dungeon Crawl Stone Soup version 0.31-a0-426-g3a05650e59 (webtiles) character file.

Game seed: 7693060377096394575

1114 Maxmaps the Nimble (level 8, -2/48 HPs)
             Began as an Octopode Shapeshifter on July 30, 2023.
             Was an Initiate of Gozag.
             Slain by a sky beast (5 damage)
             ... on level 5 of the Dungeon.
             The game lasted 00:04:49 (3898 turns).

Maxmaps the Nimble (Octopode Shapeshifter)          Turns: 3898, Time: 00:04:50

Health: -2/48      AC:  3    Str: 13 (14) XL:     8   Next: 34%
Magic:  17/17      EV: 15    Int: 10 (13) God:    Gozag
Gold:   462        SH:  0    Dex: 11 (12) Spells: 7/7 levels left

rFire   + .          .
                       - Unarmed
rCold   . . .        (no shield)
rNeg    . . .        j - +2 hat
rPois   .            (no amulet)
rElec   .            g - ring of magical power
rCorr   .            (no ring)
SInv    .            (no ring)
Will    .....        (no ring)
Stlth   ++           (no ring)
HPRegen 0.28/turn    (no ring)
MPRegen 0.15/turn    (no ring)
                     (no ring)

%: no passive effects
@: brilliant, gold aura
A: almost no armour, amphibious, 8 rings, camouflage 1, gelatinous body 1,
(nimble swimmer 1), tentacles, tentacle spike 1, fire resistance 1, frail 1
a: Renounce Religion, Potion Petition, Call Merchant, Bribe Branch


You were on level 5 of the Dungeon.
You worshipped Gozag.
Gozag was aware of your devotion.
You visited 2 branches of the dungeon, and saw 6 of its levels.

You collected 541 gold pieces.
You paid 79 gold pieces to Gozag.

Inventory:

Missiles
 e - a throwing net
Armour
 j - a +2 hat (worn)
Jewellery
 g - a ring of magical power (left tentacle)
 t - a +6 ring of strength
 v - a ring of protection from cold
Talismans
 b - a beast talisman
Scrolls
 a - a scroll of torment {unknown}
 c - 2 scrolls of immolation {unknown}
 d - a scroll of blinking {unknown}
 f - 5 scrolls of fear {unknown}
 h - 3 scrolls of poison {unknown}
 i - 2 scrolls of enchant armour {unknown}
 k - 6 scrolls of identify {unknown}
 m - 2 scrolls of amnesia {unknown}
 p - a scroll of brand weapon {unknown}
 u - a scroll of teleportation {unknown}


   Skills:
 - Level 4.1 Fighting
 - Level 8.1 Dodging
 + Level 4.7 Unarmed Combat
 - Level 3.0 Shapeshifting


You had 7 spell levels left.
You didn't know any spells.
Your spell library contained the following spells:

 Spells                   Type           Power      Damage    Failure   Level
 Freeze                   Ice            0%         1d3       36%         1
 Ensorcelled Hibernation  Hex/Ice        0%         N/A       50%         2
 Frozen Ramparts          Ice            0%         1d1       75%         3
 Hailstorm                Conj/Ice       0%         3d3       75%         3
 Anguish                  Hex/Necr       0%         N/A       98%         4


Dungeon Overview and Level Annotations

Branches:
Dungeon (5/15)             Temple (1/1) D:4

Altars:
Dithmenos
Gozag
Hepliaklqana
Kikubaaqudgha
Nemelex Xobeh
Ru
Sif Muna
Uskayaw
Vehumet
Yredelemnul
Zin


Innate Abilities, Weirdness & Mutations

You cannot wear most types of armour.
You are amphibious.
You can wear up to eight rings at the same time.
Your skin changes colour to match your surroundings (Stealth+).
Your rubbery body absorbs attacks. (AC +1, EV +1)
((You are camouflaged when in or above water. (Stealth+)))
You have tentacles for arms and can constrict up to eight enemies at once.
One of your tentacles bears a spike.
Your flesh is heat resistant. (rF+)
You are frail. (-10% HP)


Message History

It was a potion of magic.
Magic courses through your body.
The gnoll is no longer moving quickly.
The gnoll hits you from afar with a +0 spear.
It was a potion of degeneration.
There was something very wrong with that liquid.
You feel weakened.
You feel dopey.
You feel clumsy. The gnoll closely misses you.
It was a potion of brilliance.
You feel clever all of a sudden. The gnoll barely misses you.
Press: ? - help, v - describe, . - travel The floor.
You aren't carrying any potions.
The gnoll hits you with a +0 spear. The gnoll closely misses you.
You tentacle-slap the gnoll. Your grab misses the gnoll.
The gnoll is moderately wounded.
The gnoll is no longer moving quickly.
The gnoll hits you with a +0 spear.
You tentacle-slap the gnoll. You grab the gnoll. You squeeze the gnoll.
The gnoll is almost dead.
You constrict the gnoll. The gnoll barely misses you.
The gnoll is distracted by your dazzling golden aura.
You tentacle-slap the gnoll.
You kill the gnoll!
The sky beast flickers out of sight!
Deactivating autopickup; reactivate with Ctrl-A.
You bludgeon something! Your squeeze misses something.
The gnoll is no longer moving quickly.
Something hits you. Something shocks you.
* * * LOW HITPOINT WARNING * * *
You aren't carrying any potions.
You tentacle-slap something but do no damage.
Something hits you.
* * * LOW HITPOINT WARNING * * *
Something shocks you.
* * * LOW HITPOINT WARNING * * *
You miss something.
Your tentacle spike misses something.
Something hits you.
* * * LOW HITPOINT WARNING * * *
Something shocks you.
You die...
Your body crumbles into a pile of gold.

#..............## #.....
#..............<#
#!....#####...............#
#..?.....##...............#
##........##...............#
..........##........)......##
####.......####.###...........
...........####.# #...........
#.......gg{@..# #........#..
#....!############..#.####..
#...................#.######
..............................
###....g........####.##.######
......g......................
###.#Y#.#............##.######
#.#.#.######..#######.# .
#.#.. ....


You could see 2 gnolls.

Vanquished Creatures
  Pikel (D:4)
  Edmund (D:4)
  A water moccasin (D:5)
  An ogre (D:5)
  A lemure (D:4)
  A howler monkey (D:5)
  A jelly (D:4)
  2 hounds
  Terence (D:2)
  A gnoll bouda (D:5)
  An orc wizard (D:5)
  A hound zombie (D:2)
  Robin (D:3)
  2 gnolls (D:5)
  4 adders
  An adder skeleton (D:2)
  An adder zombie (D:2)
  2 worms
  2 dart slugs
  9 orcs
  4 bats
  2 bat zombies (D:2)
  6 endoplasms
  2 giant cockroaches (D:1)
  10 goblins
  7 hobgoblins
  4 jackals
  A quokka (D:4)
  7 ball pythons
  3 ball python skeletons (D:2)
  2 frilled lizards (D:3)
  5 kobolds
  9 rats
97 creatures vanquished.

Notes
Turn   | Place    | Note
-------+----------+-------------------------------------------
     0 | D:1      | Maxmaps the Octopode Shapeshifter began the quest for the
                  | Orb.
     0 | D:1      | Reached XP level 1. HP: 13/13 MP: 1/1
   127 | D:1      | Reached XP level 2. HP: 19/19 MP: 2/2
   166 | D:1      | Found a faded altar of an unknown god.
   633 | D:2      | Reached XP level 3. HP: 22/26 MP: 3/3
   715 | D:2      | Noticed Terence
   723 | D:2      | Killed Terence
   724 | D:2      | Reached XP level 4. HP: 27/33 MP: 4/4
   816 | D:2      | Found a basalt altar of Yredelemnul.
  1367 | D:3      | Reached skill level 3 in Dodging
  1367 | D:3      | Reached XP level 5. HP: 34/37 MP: 5/5
  1435 | D:3      | Noticed Robin
  1450 | D:3      | Killed Robin
  1604 | D:3      | Found an opulent altar of Gozag.
  1623 | D:3      | Became a worshipper of Gozag Ym Sagoz the Greedy
  2138 | D:4      | Found an ancient bone altar of Kikubaaqudgha.
  2157 | D:4      | Identified the +8 rapier "Isaraer" {holy, rF++ Str+2 Int+5}
  2210 | D:4      | Reached skill level 4 in Dodging
  2300 | D:4      | Reached XP level 6. HP: 39/43 MP: 6/6
  2476 | D:4      | Noticed Edmund
  2495 | D:4      | Killed Edmund
  2496 | D:4      | Reached skill level 5 in Dodging
  2653 | D:4      | Noticed Pikel
  2673 | D:4      | HP: 2/43 [Pikel/+2 whip of freezing (1)]
  2674 | D:4      | Killed Pikel
  2675 | D:4      | Reached skill level 7 in Dodging
  2675 | D:4      | Reached XP level 7. HP: 3/48 MP: 7/7
  2993 | D:4      | Found a staircase to the Ecumenical Temple.
  3248 | Temple   | Entered the Ecumenical Temple
  3262 | D:5      | Entered Level 5 of the Dungeon
  3313 | D:5      | Reached XP level 8. HP: 31/54 MP: 8/8
  3328 | D:5      | Reached skill level 8 in Dodging
  3878 | D:5      | Gained mutation: Your mind is acute. (Int +4, Str/Dex -1)
                  | [potion of mutation]
  3878 | D:5      | Gained mutation: You occasionally lose the ability to drink
                  | potions when taking damage. [potion of mutation]
  3878 | D:5      | Gained mutation: You are robust. (+10% HP) [potion of
                  | mutation]
  3879 | D:5      | Lost mutation: You are robust. (+10% HP) [potion of
                  | mutation]
  3879 | D:5      | Lost mutation: Your mind is acute. (Int +4, Str/Dex -1)
                  | [potion of mutation]
  3879 | D:5      | Lost mutation: You occasionally lose the ability to drink
                  | potions when taking damage. [potion of mutation]
  3879 | D:5      | Gained mutation: You are frail. (-10% HP) [potion of
                  | mutation]
  3879 | D:5      | Gained mutation: One of your tentacles bears a spike.
                  | [potion of mutation]
  3879 | D:5      | Gained mutation: Your flesh is heat resistant. (rF+)
                  | [potion of mutation]
  3898 | D:5      | Slain by a sky beast

Illustrated notes

Levels and vault maps discovered:
D:1:      scummos_arrival_simple_crosswalls, layout_basic,
          chequers_ecumenical_altar_island
D:2:      layout_loops_ring, serial_undead, serial_undead_d, serial_undead_b,
          serial_undead_a, serial_undead_b, serial_undead_b, basic_altar,
          dreamdust_wishing_well, uniq_terence
D:3:      layout_rooms, mainiacjoe_overflow_paths, uniq_robin
D:4:      layout_loops_corners, kiku_gazebo_garden_becter,
          minmay_temple_entry_offerings, minmay_tree_intersection, uniq_pikel,
          uniq_edmund
D:5:      layout_basic, kennysheep_mini, minmay_ruined_shrine
Temple:   nicolae_temple_cloud_nine

Skill      XL: |  1  2  3  4  5  6  7  8 |
---------------+-------------------------+-----
Fighting       | 2 3 4 |  4.1
Dodging        | 3 4 7 8 |  8.1
Unarmed Combat | 4 |  4.7
Shapeshifting  | |  3.0

Action                     |  1- 3 |  4- 6 |  7- 9 || total
---------------------------+-------+-------+-------++-------
  Melee: Unarmed           |    37 |   149 |    66 ||   252
         Constrict         |    12 |    45 |    14 ||    71
         Tentacles         |     9 |    38 |    19 ||    66
         Punch             |     1 |     6 |     5 ||    12
         Kick              |       |       |     4 ||     4
    Use: Potion            |       |     1 |     8 ||     9
   Stab: Sleeping          |     6 |     5 |       ||    11
         Distracted        |       |     1 |       ||     1
 Armour: Skin              |     2 |    33 |     6 ||    41
  Dodge: Dodged            |    28 |    67 |    42 ||   137
         Form:             |       |     1 |       ||     1

Table legend: (Time is in decaauts)
 A = Elapsed time spent in this place.
 B = Non-inter-level travel time spent in this place.
 C = Inter-level travel time spent in this place.
 D = Time resting spent in this place.
 E = Time spent auto-exploring this place.
 F = Levels seen in this place.
 G = Mean time per level.
                   A        B        C        D        E       F      G
               +--------+--------+--------+--------+--------+-----+--------+
         Total |   3882 |   3749 |    133 |    596 |   2502 |   6 |  647.0 |
       Dungeon |   3880 |   3749 |    131 |    596 |   2502 |   5 |  776.0 |
        Temple |      1 |      0 |      1 |      0 |      0 |   1 |    1.0 |
               +--------+--------+--------+--------+--------+-----+--------+

Top non-repeatable levels by time:
     D:4: 1139 daAuts
     D:2: 794 daAuts
     D:3: 783 daAuts
     D:5: 632 daAuts
     D:1: 531 daAuts
  Temple: 1 daAuts
